 Dungeon Crawl Stone Soup version 0.29.0-4-gdea44cf6ec (webtiles) character file.

Game seed: 3832654892945362019

25 qw the Firebug (level 3, -5/28 HPs)
             Began as a Ghoul Fire Elementalist on Aug 29, 2022.
             Slain by Terence
             ... wielding a +1 vampiric hand axe
              (8 damage)
             ... on level 2 of the Dungeon.
             The game lasted 00:00:53 (1378 turns).

qw the Firebug (Ghoul Fire Elementalist)            Turns: 1378, Time: 00:00:53

Health: -5/28      AC:  8    Str: 13    XL:     3   Next: 4%
Magic:  4/4        EV:  5    Int: 10    God:
Gold:   56         SH:  0    Dex:  9    Spells: 4/5 levels left

rFire   . . .      SeeInvis .     - Unarmed
rCold   + . .      Faith    .   (no shield)
rNeg    + + +      Spirit   .   i - +0 chain mail
rPois   inf        Reflect  .   (no helmet)
rElec   .          Harm     .   (no cloak)
rCorr   .          Rampage  .   (no gloves)
Will    .....                   (no boots)
Stlth   ..........              (no amulet)
HPRegen 0.00/turn               (no ring)
MPRegen 0.09/turn               (no ring)

@: inhibited regen
A: claws 1, cold resistance 1, negative energy resistance 3, inhibited
regeneration, torment resistance 2, devour on kill
a: no special abilities


You were on level 2 of the Dungeon.
You visited 1 branch of the dungeon, and saw 2 of its levels.

You collected 56 gold pieces.


Innate Abilities, Weirdness & Mutations

You are immune to poison.
You have sharp fingernails.
Your flesh is cold resistant. (rC+)
You are immune to negative energy. (rN+++)
You do not regenerate when monsters are visible.
You are immune to unholy pain and torment.
You thrive by killing the living.


   Skills:
 - Level 1.0 Fighting
 - Level 1.7 Dodging
 - Level 2.1 Stealth
 + Level 2.4 Unarmed Combat
 - Level 1.7 Spellcasting
 - Level 0.7 Conjurations
 - Level 2.4 Fire Magic


You had 4 spell levels left.
You knew the following spells:

 Your Spells              Type           Power      Damage    Failure   Level
a - Foxfire               Conj/Fire      16%        2x1d4     99%         1

Your spell library contained the following spells:

 Spells                   Type           Power      Damage    Failure   Level
 Scorch                   Fire           10%        2d6       100%        2
 Conjure Flame            Conj/Fire      4%         6-21      100%        3
 Inner Flame              Hex/Fire       3%         N/A       100%        3
 Flame Wave               Conj/Fire      4%         2d5       100%        4

Inventory:

Missiles
 h - 2 boomerangs (quivered)
Armour
 i - a +0 chain mail (worn)
Potions
 a - a potion of ambrosia {unknown}
 c - a potion of haste {unknown}
 d - 2 potions of curing
 e - a potion of attraction {unknown}
 j - a potion of heal wounds {unknown}

Dungeon Overview and Level Annotations

Branches:
Dungeon (2/15)

Altars:

Shops:
D:1 ?

Annotations:
D:2 Terence


Message History

Press: ? - help, Q - select action Shift-Dir - straight line, f/p - Terence You throw a boomerang.
The boomerang hits Terence but does no damage.
Terence drinks a potion.
Terence flickers and vanishes!
Deactivating autopickup; reactivate with Ctrl-A.
You swing at nothing.
You closely miss something. Something hits you but does no damage.
You swing at nothing.
Something hits you but does no damage.
You swing at nothing.
Something hits you.
You barely miss something. Something hits you but does no damage.
You scratch something but do no damage. Something hits you.
You barely miss something. You barely miss something. Something hits you.
You miss something. Something hits you.
You scratch something but do no damage. Something hits you but does no damage.
You barely miss something. Something hits you but does no damage.
You miss something. Something completely misses you.
You scratch something. Something hits you but does no damage.
You scratch something but do no damage. Something hits you!
You closely miss something. Something hits you but does no damage.
You scratch something but do no damage. Something hits you!
You completely miss something. Something hits you but does no damage.
You scratch something but do no damage. Something hits you!
You die...

.# ## #.....##.#
............###.
#.#.............
.............# #
#.........%.##.#
#.........%....#
#{#...#..##%####.#
#@##..#%###......#
#...........######
####.#######.....#
...........####.....#
....................#
.....#.>#...###.%...#
####.#..#...# #....<#
# #......# #######
.... ...


There were no monsters in sight!

Vanquished Creatures
  A bat (D:2)
  2 endoplasms
  5 hobgoblins
  2 kobolds (D:1)
  A quokka (D:1)
  4 ball pythons (D:1)
  4 frilled lizards (D:1)
  2 goblins (D:1)
  2 rats (D:2)
23 creatures vanquished.

Notes
Turn   | Place    | Note
-------+----------+-------------------------------------------
     0 | D:1      | qw the Ghoul Fire Elementalist began the quest for the Orb.
     0 | D:1      | Reached XP level 1. HP: 14/14 MP: 2/2
     0 | D:1      | 0 ||| qw: Version: 0.1-a-90-g952f4b7
     0 | D:1      | 0 ||| qw: Game counter: 3821
     0 | D:1      | 0 ||| qw: Always use a shield: true
     0 | D:1      | 0 ||| qw: God list: Okawaru
     0 | D:1      | 0 ||| qw: Allow faded altars: false
     0 | D:1      | 0 ||| qw: Do Orc after D:15 true
     0 | D:1      | 0 ||| qw: Do second Lair branch before Depths: true
     0 | D:1      | 0 ||| qw: Lair rune preference: random
     0 | D:1      | 0 ||| qw: Plans: Normal
     0 | D:1      | 0 ||| PLANNING D:1-11
   457 | D:1      | Reached skill level 1 in Unarmed Combat
   486 | D:1      | Reached skill level 1 in Fighting
   486 | D:1      | Reached XP level 2. HP: 23/23 MP: 3/3
   626 | D:1      | Found Geosod's Magic Scroll Emporium.
   634 | D:1      | 634 ||| SHOPLISTING scroll of enchant armour (82 gold, have
                  | 37).
   634 | D:1      | 634 ||| SHOPLISTING scroll of enchant weapon (82 gold, have
                  | 37).
  1255 | D:1      | 1255 ||| UPGRADING to +0 ring mail.
  1265 | D:1      | 1265 ||| DROPPING +0 robe.
  1266 | D:1      | 1266 ||| UPGRADING to +0 chain mail.
  1276 | D:1      | 1276 ||| DROPPING +0 ring mail.
  1277 | D:1      | 1277 ||| READING 2 scrolls labelled UFUPIC RUPNOE.
  1278 | D:1      | 1278 ||| READING scroll labelled FUIFYL EFEO.
  1281 | D:1      | 1281 ||| READING scroll labelled NUMUPR JIUN.
  1282 | D:1      | 1282 ||| DRINKING 3 fizzy purple potions.
  1283 | D:1      | 1283 ||| DROPPING potion of magic.
  1284 | D:1      | 1284 ||| DROPPING scroll of blinking.
  1335 | D:2      | Reached XP level 3. HP: 27/28 MP: 4/4
  1338 | D:2      | 1338 ||| Stepping ~*~*~tactically~*~*~ (stealth).
  1338 | D:2      | Noticed Terence
  1339 | D:2      | 1339 ||| Stepping ~*~*~tactically~*~*~ (stealth).
  1340 | D:2      | 1340 ||| Stepping ~*~*~tactically~*~*~ (stealth).
  1341 | D:2      | 1341 ||| Stepping ~*~*~tactically~*~*~ (stealth).
  1376 | D:2      | HP: 3/28 [something (8)]
  1378 | D:2      | Slain by Terence

Levels and vault maps discovered:
D:1:      minmay_arrival_split_and_join, layout_basic, serial_shops, shop
D:2:      layout_loops_cross, uniq_terence

Skill      XL: |  1  2 |
---------------+-------+-----
Unarmed Combat | 1 2 |  2.4
Fighting       | 1 |  1.0
Dodging        | |  1.7
Stealth        | |  2.1
Spellcasting   | |  1.7
Conjurations   | |  0.7
Fire Magic     | |  2.4

Action                   || total
-------------------------++-------
Melee: Unarmed           ||    56
Throw: Boomerang         ||    29
  Use: Scroll            ||     3
       Potion            ||     1
Armor: Robe              ||     2
       Chain mail        ||    10
Dodge: Dodged            ||    13

Table legend:
 A = Non-vault XP
 B = Vault XP
 C = Vault XP percentage of total XP
 D = Non-vault monster count
 E = Vault monster count
 F = Vault count percentage of total count
                 A         B        C        D         E       F
            +---------+---------+-------+---------+---------+-------
      Total |      36 |       0 |   0.0 |      23 |       0 |   0.0
            +---------+---------+-------+---------+---------+-------
        D:1 |      26 |       0 |   0.0 |      17 |       0 |   0.0
        D:2 |      10 |       0 |   0.0 |       6 |       0 |   0.0
            +---------+---------+-------+---------+---------+-------
